 Dungeon Crawl Stone Soup version 0.22.1-1-ga44c0e5 (webtiles) character file.

315097 Monsterracer the Brawler (level 20, -5/197 HPs)
             Began as a Troll Conjurer on Oct 11, 2018.
             Was the Champion of Okawaru.
             Killed from afar by a purple draconian monk (45 damage)
             ... with a bolt of dispelling energy
             ... on level 5 of the Depths.
             The game lasted 01:49:53 (39818 turns).

Monsterracer the Brawler (Troll Conjurer)          Turns: 39818, Time: 01:49:55

Health: -5/197     AC: 25    Str: 24    XL:     20   Next: 11%
Magic:  20/26      EV: 17    Int: 15    God:    Okawaru [******]
Gold:   1949       SH: 15    Dex: 13    Spells: 21/21 levels left

rFire    + . .     SeeInvis .     - Unarmed
rCold    . . .     Gourm    +   s - +1 shield {reflect}
rNeg     . . .     Faith    +   a - +0 shadow dragon scales
rPois    +         Spirit   .   o - +2 hat of the Tortoise {rElec rF+ Int+4}
rElec    +         Reflect  +   t - +2 cloak {+Inv}
rCorr    .         Harm     .   (gloves unavailable)
MR       +....                  (boots unavailable)
Stlth    ++++......             T - amulet of faith
HPRegen  0.82/turn              E - +4 ring of evasion
MPRegen  0.20/turn              N - ring of poison resistance {!d}

@: heroism, finesse, studying Armour, drained
A: large, unfitting armour, claws 3, fast metabolism 3, gourmand, regeneration
1, shaggy fur 1, tough skin 2
}: 3/15 runes: serpentine, barnacled, abyssal
a: Heroism, Finesse, Renounce Religion, Evoke Invisibility


You were on level 5 of the Depths.
You worshipped Okawaru.
Okawaru was exalted by your worship.
You were full.

You visited 9 branches of the dungeon, and saw 39 of its levels.
You visited the Abyss 1 time.
You also visited: Sewer and Bailey.

You collected 2634 gold pieces.
You spent 685 gold pieces at shops.

Inventory:

Missiles
 h - 16 javelins of returning (quivered)
 i - 7 silver javelins
 w - 39 large rocks
 y - 63 javelins
 D - 23 steel javelins
 F - 9 throwing nets
 O - 6 poisoned javelins
 V - 43 javelins of penetration
Armour
 a - +0 shadow dragon scales (worn)
 l - the -6 shield "Ippauq" {rF++}
   (Okawaru gifted it to you on level 3 of the Shoals)

   It greatly protects you from fire.
 n - the +3 troll leather armour "Luezoek" {Regen+ Dex+2}
   (You bought it in a shop on level 2 of the Orcish Mines)

   It affects your dexterity (+2).
   It increases your rate of regeneration.
 o - the +2 hat of the Tortoise (worn) {rElec rF+ Int+4}
   (Okawaru gifted it to you on level 4 of the Snake Pit)

   It affects your intelligence (+4).
   It protects you from fire.
   It insulates you from electricity.
 q - +2 fire dragon scales {Xtahua}
 s - a +1 shield of reflection (worn)
 t - a +2 cloak of invisibility (worn)
Jewellery
 E - a +4 ring of evasion (left claw)
 N - a ring of poison resistance (right claw) {!d}
 T - an amulet of faith (around neck)
Wands
 g - a wand of paralysis (26)
 K - a wand of iceblast (16)
 Q - a wand of digging (2)
 X - a wand of acid (9)
Scrolls
 f - 15 scrolls of identify
 k - 5 scrolls of remove curse
 p - 7 scrolls of fog
 r - 8 scrolls of teleportation {!r}
 u - a scroll of magic mapping {!r}
 v - 5 scrolls of fear {!r}
 P - 4 scrolls of enchant armour
 W - a scroll of silence
Potions
 b - 7 potions of might
 d - 6 potions of curing
 e - 8 potions of flight
 j - 3 potions of ambrosia {!q}
 m - 6 potions of lignification
 x - 2 potions of agility
 A - a potion of berserk rage {!q}
 B - 3 potions of mutation {!q}
 H - 3 potions of brilliance
 I - 3 potions of magic
 J - a potion of cancellation
 L - 2 potions of haste
 U - a potion of invisibility
Books
 R - a manual of Armour
Comestibles
 c - 56 rations


   Skills:
 + Level 11.8(16.5) Fighting
 * Level 14.7(19.3) Throwing
 + Level 11.0(15.7) Armour
 - Level 9.0(13.7) Dodging
 - Level 1.0(5.7) Stealth
 - Level 11.3(16.0) Shields
 * Level 18.9(23.5) Unarmed Combat
 - Level 1.2(1.0) Spellcasting
   Level 2.9(2.7) Conjurations
 - Level 10.0(9.7) Invocations
 - Level 4.4(4.1) Evocations


You had 21 spell levels left.
You didn't know any spells.
Your spell library contained the following spells:

 Spells                   Type           Power        Failure   Level  Hunger
 Magic Dart               Conj           #...         32%         1    ##.....
 Searing Ray              Conj           #.....       43%         2    ###....
 Flame Tongue             Conj/Fire      #....        50%         1    ##.....
 Sting                    Conj/Pois      #...         50%         1    ##.....
 Throw Flame              Conj/Fire      #.....       65%         2    ###....
 Summon Butterflies       Summ           #.......     69%         1    ##.....
 Summon Small Mammal      Summ           #...         69%         1    ##.....
 Blink                    Tloc           N/A          83%         2    ###....
 Call Imp                 Summ           #.......     83%         2    ###....
 Corpse Rot               Necr           N/A          83%         2    ###....
 Shroud of Golubria       Chrm/Tloc      #.........   83%         2    ###....
 Slow                     Hex            #.......     83%         2    ###....
 Conjure Flame            Conj/Fire      #.......     86%         3    ####...
 Dazzling Spray           Conj/Hex       #.....       86%         3    ####...
 Mephitic Cloud           Conj/Pois/Air  #.......     90%         3    ####...
 Call Canine Familiar     Summ           #.......     96%         3    ####...
 Gell's Gravitas          Tloc           #.........   96%         3    ####...
 Inner Flame              Hex/Fire       #.......     96%         3    ####...
 Lesser Beckoning         Tloc           #.........   96%         3    ####...
 Spider Form              Tmut/Pois      #.........   96%         3    ####...
 Summon Guardian Golem    Hex/Summ       #.......     96%         3    ####...
 Teleport Other           Tloc           #.......     96%         3    ####...
 Vampiric Draining        Necr           #.........   96%         3    ####...
 Iskenderun's Mystic Bla  Conj           #.......     97%         4    #####..
 Force Lance              Conj/Tloc      #.......     99%         4    #####..
 Fulminant Prism          Conj/Hex       #.........   99%         4    #####..
 Sticky Flame             Conj/Fire      #.......     99%         4    #####..
 Passage of Golubria      Tloc           N/A          100%        4    #####..
 Summon Ice Beast         Ice/Summ       #.......     100%        4    #####..
 Summon Lightning Spire   Summ/Air       #.......     100%        4    #####..
 Bolt of Draining         Conj/Necr      #.........   100%        5    ######.
 Bolt of Magma            Conj/Fire/Erth #.........   100%        5    ######.
 Borgnjor's Vile Clutch   Necr/Erth      #.........   100%        5    ######.
 Fireball                 Conj/Fire      #.........   100%        5    ######.
 Iskenderun's Battlesphe  Conj/Chrm      #.......     100%        5    ######.
 Summon Mana Viper        Hex/Summ       #.......     100%        5    ######.
 Venom Bolt               Conj/Pois      #.........   100%        5    ######.
 Iron Shot                Conj/Erth      #.........   100%        6    #######
 Orb of Destruction       Conj           #.........   100%        7    #######
 Spellforged Servitor     Conj/Summ      #.........   100%        7    #######
 Summon Hydra             Summ           #.........   100%        7    #######


Dungeon Overview and Level Annotations

Branches:
Dungeon (15/15)            Temple (1/1) D:4            Lair (6/6) D:10
 Shoals (4/4) Lair:3        Snake (4/4) Lair:4        Slime (1/5) Lair:6
    Orc (2/2) D:11         Vaults (0/5) D:14         Depths (5/5) D:15
    Zot (1/5) Depths:5
    Elf: Orc:2

Altars:
Ashenzari
Cheibriados
Dithmenos
Elyvilon
Fedhas
Gozag
Hepliaklqana
Kikubaaqudgha
Makhleb
Nemelex Xobeh
Okawaru
Qazlal
Ru
Sif Muna
Trog
Uskayaw
Vehumet
Wu Jian
Xom
Yredelemnul
Zin
The Shining One
Beogh
Jiyva

Shops:
D:5 *   D:6 (   D:8 (   D:12 !   Orc:2 (:[%   Shoals:4 (

Portals:
Hell: Lair:6 Depths:1
Pandemonium: Depths:2

Annotations:
D:4 1 runed door
D:11 3 runed doors, exclusion: orange crystal statue, Folque's ghost, journeyman OpWz
D:12 1 runed door, Valentain's ghost, journeyman OpSu
D:14 exclusion: Roxanne, Roxanne
Lair:2 3 runed doors, Ghost6211's ghost, journeyman MiFi; Nib's ghost, journeyman HuWn
Depths:5 exclusion: upstairs


Innate Abilities, Weirdness & Mutations

You are too large for most types of armour.
You have claws for hands.
Your metabolism is lightning-fast.
You like to eat raw meat.
Your natural rate of healing is unusually fast.
You are covered in fur. (AC +1)
You have very tough skin. (AC +2)


Message History

The purple draconian monk kicks you.
* * * LOW HITPOINT WARNING * * *
The purple draconian monk tail-slaps you but does no damage.
You block the green draconian's attack. x2
You take 17 damage, and have 84/197 hp.
Unknown command.
You claw the green draconian!
The green draconian is almost dead.
You feel very sick.
You take 3 damage, and have 81/197 hp.
Put on which piece of jewellery? (? for menu, Esc to quit)
Okay, then.
You scratch the green draconian.
The green draconian is almost dead.
You feel very sick.
You block the purple draconian monk's attack.
The purple draconian monk kicks you but does no damage.
The purple draconian monk closely misses you.
The green draconian barely misses you. You block the green draconian's attack.
You take 2 damage, and have 79/197 hp.
You scratch the green draconian.
The green draconian is almost dead.
You feel very sick.
You block the purple draconian monk's attack. x3
You take 4 damage, and have 75/197 hp.
You barely miss the green draconian.
The green draconian is almost dead.
You feel sick. The green draconian barely misses you.
You block the green draconian's attack.
You take 1 damage, and have 74/197 hp.
You closely miss the green draconian.
The green draconian is almost dead.
You feel very sick.
The purple draconian monk breathes dispelling energy at you.
The bolt of dispelling energy misses you.
You take 3 damage, and have 71/197 hp.
You barely miss the green draconian.
The green draconian is almost dead.
You feel very sick.
The green draconian hits you with a mace!
* * * LOW HITPOINT WARNING * * *
You block the green draconian's attack.
You block the purple draconian monk's attack.
The purple draconian monk kicks you but does no damage.
The purple draconian monk tail-slaps you but does no damage.
You take 9 damage, and have 62/197 hp.
Unknown command.
You eviscerate the green draconian!!!
You kill the green draconian!
Okawaru accepts your kill.
You feel very sick.
You take 2 damage, and have 60/197 hp.
You miss the purple draconian monk.
You feel sick.
The purple draconian monk breathes dispelling energy at you.
The bolt of dispelling energy hits you!
* * * LOW HITPOINT WARNING * * *
You take 23 damage, and have 37/197 hp.
Unknown command.
You feel better. The purple draconian monk hits you!
* * * LOW HITPOINT WARNING * * *
The purple draconian monk kicks you but does no damage.
You block the purple draconian monk's attack.
You take 3 damage, and have 34/197 hp.
You gain the combat prowess of a mighty hero.
You block the purple draconian monk's attack.
The purple draconian monk kicks you.
* * * LOW HITPOINT WARNING * * *
The purple draconian monk barely misses you.
You take 3 damage, and have 31/197 hp.
You now have 24/26 mp.
Unknown command.
You can now deal lightning-fast blows.
The purple draconian monk barely misses you. x2
The purple draconian monk closely misses you.
You now have 19/26 mp.
Unknown command.
Unknown command.
You miss the purple draconian monk.
You eviscerate the purple draconian monk!!!
The purple draconian monk is heavily wounded.
The purple draconian monk barely misses you.
You block the purple draconian monk's attack. x2
You claw the purple draconian monk!
The purple draconian monk is heavily wounded.
You mangle the purple draconian monk!!
The purple draconian monk is severely wounded.
You barely miss the purple draconian monk.
The purple draconian monk is severely wounded.
The purple draconian monk hits you but does no damage.
You block the purple draconian monk's attack.
The purple draconian monk tail-slaps you but does no damage.
You scratch the purple draconian monk.
The purple draconian monk is severely wounded.
You miss the purple draconian monk.
The purple draconian monk is severely wounded.
You miss the purple draconian monk.
The purple draconian monk is severely wounded.
You feel better.
The purple draconian monk breathes dispelling energy at you.
The bolt of dispelling energy hits you!
You die...

...).# **......###......###.#
###..# *,#.............#.##.#
#..# *,.#...##'##...#..##.#
#..# *,..####...####...##.#
#..# *,,,#....8....#...##.#
#..#**,,,#.8.....8.#...##(#
###..#*,,,##....#....##...#)#
.....#*,*,#....#q#....#.#.'.#
.....#*,*.'.8.#)@)#.8.#.#.'.#
.....#*,*.#....#.#....#.#.'.#
###..#*,,,##....#....##...###
#..#**,,,#.8..,..8.#...##
#..# *,,,#....8....#...# #.?#
*,,,####.,.####...# #..#
*,,*,,,##*##...#..# #..#
*,*,,,,.........#.# #?.#
**,,,,,.###......##


You could see a purple draconian monk.

Vanquished Creatures
  2 juggernauts
  Xtahua (Depths:5)
  Saint Roka (Depths:2)
  Vashnia (Snake:4)
  A golden dragon (Depths:5)
  A bone dragon (Depths:4)
  A lich (Abyss:3)
  A tentacled monstrosity (Depths:5)
  A kraken (Shoals:4)
  Frances (D:11)
  A shadow dragon (Depths:5)
  5 nagarajas
  2 fire giants
  A draconian knight (Depths:5)
  A frost giant (Depths:2)
  2 orc warlords
  A spriggan defender (Depths:4)
  A draconian annihilator (Depths:5)
  An angel (Abyss:3)
  5 very ugly things
  2 ophanim (Abyss:3)
  4 stone giants
  A black draconian (Depths:5)
  2 green draconians
  A purple draconian (Depths:5)
  A red draconian (Depths:5)
  Snorg (Lair:5)
  4 white draconians
  A spark wasp (Depths:5)
  3 ettins
  7 merfolk javelineers
  3 fire dragons
  The ghost of Halaipra the Blocker, a journeyman GnFi of Okawaru (Lair:4)
  A great orb of eyes (Depths:4)
  3 merfolk impalers (Shoals:4)
  Josephine (Lair:4)
  2 yaktaur captains
  4 vault guards (D:14)
  2 rakshasas
  4 ice dragons
  A merfolk avatar (Shoals:4)
  2 ogre magi
  4 hydras
  A spriggan air mage (Depths:2)
  21 naga warriors
  2 centaur warriors
  9 merfolk aquamancers
  12 anacondas
  2 dancing weapons (Abyss:3)
  A deep troll shaman (Depths:3)
  2 tengu warriors
  A satyr (Shoals:3)
  4 death yaks (Lair:5)
  2 deep troll earth magi (Depths:3)
  11 two-headed ogres
  2 orc high priests (Orc:2)
  A spriggan berserker (Depths:3)
  5 hell knights
  16 naga sharpshooters
  5 shock serpents (Snake:4)
  An iron troll (Depths:3)
  Nergalle (Orc:1)
  10 salamander mystics
  A sixfirhy (Lair:6)
  2 cherubim (Abyss:3)
  A large abomination (Abyss:3)
  2 glowing orange brains
  3 naga ritualists
  4 deep trolls
  7 sea snakes
  2 unseen horrors
  9 harpies
  4 lindwurms (Snake:4)
  A spark wasp zombie (Depths:3)
  A deep elf mage (D:14)
  2 wizards
  A shadow dragon zombie (Depths:3)
  2 orc sorcerers
  3 necromancers
  10 orc knights
  6 fauns
  7 manticores
  7 mana vipers
  12 ugly things
  An elephant (Shoals:1)
  7 merfolk sirens
  3 cyclopes
  9 guardian serpents
  9 salamanders
  22 black mambas
  A frost giant skeleton (Depths:3)
  25 naga magi
  An apocalypse crab (Abyss:3)
  5 water nymphs
  2 orange demons (Lair:6)
  9 spiny frogs
  2 kobold demonologists (D:13)
  A yaktaur (shapeshifter) (Depths:4)
  10 rime drakes
  A rime drake (shapeshifter) (D:12)
  7 komodo dragons
  2 yaktaurs
  A hellwing (Lair:6)
  3 ice devils (Lair:6)
  3 tengu conjurers
  A red devil (Lair:6)
  2 queen bees (shapeshifter)
  7 trolls
  2 polar bears
  36 merfolk
  11 wind drakes
  2 meliai (Shoals:2)
  A hornet (D:13)
  5 slime creatures (D:14)
  6 snapping turtles
  17 hippogriffs
  29 blink frogs
  A centaur simulacrum (D:14)
  5 wraiths
  A vampire (D:10)
  57 yaks
  A redback (shapeshifter) (Depths:5)
  A wyvern (Lair:6)
  2 shadows (D:11)
  12 water elementals
  4 basilisks
  3 steam dragons
  2 hungry ghosts
  4 vampire mosquitoes (D:13)
  A spriggan simulacrum (Depths:3)
  9 wargs
  37 nagas
  3 soldier ants
  8 porcupines
  Duvessa (D:4)
  3 hell hounds (Lair:6)
  12 water moccasins
  A floating eye (Depths:3)
  A black bear (D:11)
  58 orc warriors
  4 sky beasts
  4 ice beasts
  An ogre (shapeshifter) (D:13)
  A necrophage (D:5)
  9 wolves
  14 centaurs
  14 ogres
  12 crocodiles
  Blork the orc (D:5)
  A big kobold (D:8)
  19 bullfrogs
  A glowing shapeshifter simulacrum (Depths:3)
  Dowan (D:4)
  A water moccasin zombie (D:5)
  A wyvern skeleton (D:6)
  4 scorpions
  12 killer bees
  21 wights
  2 howler monkeys
  3 electric eels
  8 crimson imps
  4 centaur zombies
  3 jellies
  4 bullfrog skeletons
  A centaur skeleton (D:9)
  21 orc priests
  A wyvern simulacrum (D:14)
  A bullfrog zombie (D:9)
  9 hounds
  A gnoll shaman (D:10)
  8 iguanas
  18 orc wizards
  11 worker ants
  A hound skeleton (D:5)
  2 hound zombies
  A howler monkey zombie (D:11)
  3 worker ant zombies
  12 adders
  13 gnolls
  A river rat (D:6)
  3 shadow imps
  2 adder skeletons
  4 worms
  3 dart slugs
  4 leopard geckos
  123 orcs
  10 giant cockroaches
  6 hobgoblins
  14 jackals
  3 quokkas
  3 ball pythons
  3 bats
  2 frilled lizards
  A giant cockroach zombie (D:1)
  6 goblins
  A jackal zombie (D:1)
  21 kobolds
  A leopard gecko skeleton (D:5)
  A quokka skeleton (D:8)
  10 rats
  4 plants
  3 tentacles (Shoals:4)
1229 creatures vanquished.

Vanquished Creatures (others)
  A merfolk javelineer (Shoals:4)
  A wizard (D:8)
  A naga mage (Snake:4)
  A merfolk siren (Shoals:4)
  A merfolk (Shoals:4)
  A wind drake (Shoals:1)
  A tarantella (shapeshifter) (Depths:1)
  2 nagas (Snake:3)
  An orc priest (Depths:2)
  9 fungi
  13 plants
  12 tentacles (Shoals:4)
  3 withered plants (Lair:2)
47 creatures vanquished.

Grand Total: 1276 creatures vanquished

Notes
Turn   | Place    | Note
-------+----------+-------------------------------------------
     0 | D:1      | Monsterracer the Troll Conjurer began the quest for the
                  | Orb.
     0 | D:1      | Reached XP level 1. HP: 16/16 MP: 1/1
    47 | D:1      | Reached skill level 1 in Unarmed Combat
   140 | D:1      | Reached XP level 2. HP: 23/24 MP: 2/2
   228 | D:1      | Reached skill level 2 in Unarmed Combat
  1035 | D:2      | Reached XP level 3. HP: 26/31 MP: 3/3
  1075 | D:2      | Reached skill level 3 in Unarmed Combat
  1373 | D:2      | Reached XP level 4. HP: 31/40 MP: 4/4
  1532 | D:3      | Reached skill level 1 in Fighting
  1544 | D:3      | Found a stormy altar of Qazlal.
  1753 | D:3      | Noticed an ice beast
  1772 | D:3      | Killed an ice beast
  1772 | D:3      | Reached skill level 4 in Unarmed Combat
  1772 | D:3      | Reached XP level 5. HP: 41/49 MP: 5/5
  2331 | D:4      | Found a staircase to the Ecumenical Temple.
  2336 | D:4      | Found a hazy altar of Hepliaklqana.
  2345 | Temple   | Entered the Ecumenical Temple
  2513 | D:4      | Reached skill level 5 in Unarmed Combat
  2540 | D:4      | Reached XP level 6. HP: 47/57 MP: 6/6
  3013 | D:4      | Found a runed door.
  3075 | D:4      | Noticed Dowan
  3079 | D:4      | Noticed Duvessa
  3206 | D:4      | HP: 27/59 [Duvessa/short sword (6)]
  3398 | D:4      | HP: 29/59 [Duvessa/short sword (5)]
  3400 | D:4      | Killed Duvessa
  3400 | D:4      | Reached skill level 6 in Unarmed Combat
  3404 | D:4      | HP: 20/59 [Dowan/dagger (5)]
  3405 | D:4      | Killed Dowan
  3405 | D:4      | Reached skill level 1 in Shields
  3405 | D:4      | Reached XP level 7. HP: 18/66 MP: 7/7
  3591 | D:5      | Entered Level 5 of the Dungeon
  3592 | D:5      | Found Alleruk's General Store.
  3599 | D:5      | Bought a potion of heal wounds for 60 gold pieces
  3599 | D:5      | Bought a scroll of blinking for 90 gold pieces
  3600 | D:5      | Noticed Blork the orc
  3611 | D:5      | Killed Blork the orc
  3688 | D:5      | Found a glowing golden altar of the Shining One.
  3900 | D:5      | Reached skill level 7 in Unarmed Combat
  4153 | D:5      | Found a basalt altar of Yredelemnul.
  4211 | D:5      | Found a white marble altar of Elyvilon.
  4448 | D:6      | Found a glowing drain.
  4464 | D:6      | Reached XP level 8. HP: 70/76 MP: 8/8
  4478 | Sewer    | Entered a sewer
  4579 | Sewer    | HP: 36/76 [crocodile (12)]
  4994 | D:6      | Found Zuku's Weapon Emporium.
  5047 | D:6      | Found a sacrificial altar of Ru.
  5216 | D:6      | Found a stormy altar of Qazlal.
  5272 | D:6      | Found a sparkling altar of Nemelex Xobeh.
  5274 | D:6      | Found a bloodstained altar of Trog.
  5276 | D:6      | Found an ancient bone altar of Kikubaaqudgha.
  5276 | D:6      | Found a deep blue altar of Sif Muna.
  5279 | D:6      | Found an iron altar of Okawaru.
  5282 | D:6      | Found a shattered altar of Ashenzari.
  5286 | D:6      | Became a worshipper of Warmaster Okawaru
  5690 | D:6      | Reached skill level 8 in Unarmed Combat
  5807 | D:7      | Reached skill level 1 in Invocations
  5927 | D:7      | Reached * piety under Okawaru
  5978 | D:7      | Got an iridescent short sword
  6110 | D:7      | Found a snail-covered altar of Cheibriados.
  6122 | D:7      | Noticed a hippogriff
  6131 | D:7      | Reached XP level 9. HP: 85/85 MP: 9/9
  6379 | D:7      | Reached skill level 9 in Unarmed Combat
  6708 | D:8      | Reached ** piety under Okawaru
  6991 | D:8      | Reached skill level 5 in Fighting
  6991 | D:8      | Reached skill level 1 in Throwing
  7054 | D:8      | Found Hoskar's Antique Weapon Shoppe.
  7345 | D:7      | Found a deep blue altar of Sif Muna.
  7412 | D:8      | You fall through a shaft!
  7454 | D:9      | Found a roughly hewn altar of Beogh.
  7692 | D:9      | Found an opulent altar of Gozag.
  7794 | D:9      | Reached *** piety under Okawaru
  7794 | D:9      | Reached XP level 10. HP: 96/96 MP: 11/11
  8013 | D:9      | HP: 44/96 [orc warrior/flail (18)]
  8252 | D:9      | Found a shattered altar of Ashenzari.
  8339 | D:9      | Reached skill level 10 in Unarmed Combat
  8349 | D:9      | Noticed a two-headed ogre
  8513 | D:8      | Found a bloodstained altar of Trog.
  8528 | D:8      | Noticed a wizard
  8531 | D:8      | Killed a wizard
  8865 | D:10     | Entered Level 10 of the Dungeon
  9184 | D:10     | Reached **** piety under Okawaru
  9228 | D:10     | Found a staircase to the Lair.
  9284 | D:10     | Reached skill level 5 in Shields
  9447 | Lair:1   | Entered Level 1 of the Lair of Beasts
 10365 | Lair:2   | Reached XP level 11. HP: 105/105 MP: 13/13
 10386 | Lair:2   | Reached ***** piety under Okawaru
 10412 | Lair:2   | Found a runed gate.
 10413 | Lair:2   | Found a runed gate.
 10414 | Lair:2   | Found a runed gate.
 10611 | Lair:2   | Reached skill level 5 in Throwing
 10726 | Lair:2   | Reached skill level 11 in Unarmed Combat
 10801 | Lair:2   | Reached skill level 5 in Invocations
 11104 | Lair:2   | Received a gift from Okawaru
 11107 | Lair:2   | Got a brightly glowing long sword {god gift}
 11457 | Lair:2   | Noticed Nib's ghost (journeyman HuWn)
 11458 | Lair:2   | Noticed Ghost6211's ghost (journeyman MiFi)
 11574 | Lair:3   | Noticed a four-headed hydra
 11593 | Lair:3   | HP: 40/106 [four-headed hydra (16)]
 11594 | Lair:3   | Killed a four-headed hydra
 11754 | Lair:3   | Found a staircase to the Shoals.
 12041 | Lair:3   | Found a dark tunnel.
 12526 | Lair:3   | Received a gift from Okawaru
 12729 | Lair:3   | Reached XP level 12. HP: 82/115 MP: 15/15
 13094 | Lair:4   | Received a gift from Okawaru
 13095 | Lair:4   | Got a shimmering longbow {god gift}
 13208 | Lair:3   | Reached skill level 5 in Dodging
 13424 | Lair:4   | HP: 48/115 [blink frog (17)]
 13826 | Lair:4   | Found a runed door.
 13828 | Lair:4   | Noticed Halaipra's ghost (journeyman GnFi)
 13882 | Lair:4   | Reached skill level 12 in Unarmed Combat
 13959 | Lair:4   | Found a staircase to the Snake Pit.
 14189 | Lair:6   | Entered Level 6 of the Lair of Beasts
 14247 | Lair:5   | Noticed Josephine
 14263 | Lair:4   | Killed Josephine
 14275 | Lair:5   | HP: 56/118 [blink frog (14)]
 14278 | Lair:4   | HP: 26/118 [wraith[Josephine] (5)]
 14287 | Lair:4   | HP: 25/118 [blink frog (4)]
 14297 | Lair:4   | HP: 22/118 [blink frog (10)]
 14530 | Lair:4   | Received a gift from Okawaru
 15051 | Lair:5   | Received a gift from Okawaru
 15274 | Lair:5   | HP: 57/118 [blink frog (5)]
 15285 | Lair:5   | HP: 54/118 [blink frog (8)]
 15296 | Lair:5   | HP: 56/118 [blink frog (4)]
 15303 | Lair:5   | HP: 56/118 [blink frog (3)]
 15689 | Lair:6   | Found a staircase to the Slime Pits.
 15689 | Lair:6   | Found a viscous altar of Jiyva.
 15689 | Lair:6   | Noticed Snorg
 15706 | Lair:5   | HP: 55/118 [Snorg (22)]
 15711 | Lair:5   | Killed Snorg
 15711 | Lair:5   | Reached skill level 1 in Evocations
 15859 | Lair:6   | Noticed a death yak
 15860 | Lair:6   | Noticed a death yak
 15868 | Lair:6   | Noticed a death yak
 15868 | Lair:6   | Noticed a death yak
 15957 | Lair:5   | Reached XP level 13. HP: 92/124 MP: 16/16
 16502 | Lair:5   | Reached skill level 13 in Unarmed Combat
 16886 | Lair:6   | Noticed a dire elephant
 17183 | Lair:6   | Received a gift from Okawaru
 17280 | Slime:1  | Entered Level 1 of the Pits of Slime
 17661 | Lair:6   | Found a burning altar of Makhleb.
 17721 | Lair:6   | HP: 61/127 [ice devil (22)]
 17841 | Lair:6   | Received a gift from Okawaru
 17859 | Lair:6   | Found a gateway to Hell.
 19246 | D:11     | Found a staircase to the Orcish Mines.
 19411 | D:11     | Found a runed gate.
 19411 | D:11     | Found a runed gate.
 19411 | D:11     | Found a runed gate.
 19413 | D:11     | Noticed Folque's ghost (journeyman OpWz)
 19663 | D:11     | Reached ****** piety under Okawaru
 20054 | D:12     | Received a gift from Okawaru
 20147 | D:12     | Reached XP level 14. HP: 116/136 MP: 18/18
 20186 | D:12     | Noticed Frances
 20221 | D:11     | Killed Frances
 20954 | D:12     | Found Liuvutoh's Distillery.
 21328 | D:12     | Found a runed door.
 21330 | D:12     | Noticed Valentain's ghost (journeyman OpSu)
 21453 | D:13     | Found a shadowy altar of Dithmenos.
 22202 | D:14     | Noticed Roxanne
 22252 | D:14     | Reached skill level 14 in Unarmed Combat
 22279 | D:14     | Received a gift from Okawaru
 22306 | D:14     | HP: 68/137 [slime creature (4)]
 22649 | D:14     | Received a gift from Okawaru
 22920 | D:14     | Found a gate to the Vaults.
 23566 | D:15     | Entered Level 15 of the Dungeon
 23577 | D:15     | Received a gift from Okawaru
 23580 | D:15     | Got a faintly glowing rapier {god gift}
 23869 | Snake:1  | Entered Level 1 of the Snake Pit
 24117 | Snake:1  | HP: 66/137 [salamander/halberd of flaming (13)]
 24118 | Snake:1  | HP: 30/137 [salamander/halberd of flaming (10)]
 24407 | Snake:1  | Reached XP level 15. HP: 145/145 MP: 20/20
 24560 | Snake:1  | HP: 71/145 [anaconda (2)]
 24567 | Snake:1  | HP: 52/145 [poisoned by a naga mage (splash of poison)]
 24572 | Snake:1  | HP: 32/145 [guardian serpent/bolt of poison (4)]
 24577 | Snake:1  | HP: 50/145 [poisoned by a guardian serpent (bolt of
                  | poison)]
 24582 | Snake:1  | HP: 49/145 [naga mage/club (1)]
 24587 | Snake:1  | HP: 66/145 [poisoned by a guardian serpent (bolt of
                  | poison)]
 24592 | Snake:1  | HP: 68/146 [poisoned by a guardian serpent (bolt of
                  | poison)]
 24599 | Snake:1  | HP: 58/146 [poisoned by a guardian serpent (bolt of
                  | poison)]
 24604 | Snake:1  | HP: 39/146 [poisoned by a guardian serpent (bolt of
                  | poison)]
 24612 | Snake:1  | HP: 43/146 [poisoned by a guardian serpent (bolt of
                  | poison)]
 24826 | D:11     | Reached XP level 16. HP: 156/156 MP: 21/21
 24875 | Orc:1    | Entered Level 1 of the Orcish Mines
 25103 | D:11     | Received a gift from Okawaru
 25103 | D:11     | Reached skill level 15 in Unarmed Combat
 25242 | Orc:1    | Reached skill level 10 in Throwing
 25343 | Orc:1    | Found a flagged portal.
 25366 | Bailey   | Entered a bailey
 25636 | Bailey   | Received a gift from Okawaru
 25720 | Orc:1    | Noticed Nergalle
 25729 | Orc:1    | Killed Nergalle
 25854 | Orc:1    | Paralysed by an orc sorcerer for 4 turns
 26512 | Orc:2    | Entered Level 2 of the Orcish Mines
 26647 | Orc:1    | Reached skill level 1 in Armour
 26737 | Orc:2    | Found a roughly hewn altar of Beogh.
 26742 | Orc:2    | HP: 78/156 [orc knight/great mace (13)]
 26764 | Orc:2    | HP: 64/156 [orc knight/bolt (11)]
 26952 | Orc:2    | Received a gift from Okawaru
 26956 | Orc:2    | Got a shimmering mace {god gift}
 26960 | Orc:2    | Found Bayn's Food Shop.
 26971 | Orc:2    | Found Betuxal's Armour Boutique.
 26991 | Orc:2    | Bought the +3 troll leather armour "Luezoek" {Regen+ Dex+2}
                  | for 535 gold pieces
 27673 | Orc:2    | Found a roughly hewn altar of Beogh.
 27723 | Orc:2    | Found Ifosk's Antique Weapon Shop.
 27844 | Orc:2    | Found Xiseexzo's Book Boutique.
 28479 | Lair:4   | Killed Halaipra's ghost
 28887 | Snake:2  | Received a gift from Okawaru
 29073 | Snake:3  | Received a gift from Okawaru
 29127 | Snake:4  | Entered Level 4 of the Snake Pit
 29176 | Snake:4  | HP: 76/156 [naga warrior/hand axe (5)]
 29692 | Snake:4  | Noticed Vashnia
 29804 | Snake:4  | Killed Vashnia
 30097 | Snake:4  | Reached XP level 17. HP: 108/165 MP: 23/23
 30138 | Snake:4  | Received a gift from Okawaru
 30360 | Snake:4  | Received a gift from Okawaru
 30435 | Snake:4  | HP: 81/165 [black mamba (10)]
 30440 | Snake:4  | HP: 80/165 [poisoned by a black mamba]
 30445 | Snake:4  | HP: 80/165 [poisoned by a black mamba]
 30450 | Snake:4  | HP: 81/165 [poisoned by a black mamba]
 30457 | Snake:4  | HP: 77/165 [poisoned by a black mamba]
 30462 | Snake:4  | HP: 64/165 [poisoned by a black mamba]
 30467 | Snake:4  | HP: 60/165 [poisoned by a black mamba]
 30469 | Snake:4  | Reached skill level 16 in Unarmed Combat
 30472 | Snake:4  | HP: 59/165 [poisoned by a black mamba]
 30477 | Snake:4  | HP: 60/165 [poisoned by a black mamba]
 30483 | Snake:4  | HP: 63/165 [poisoned by a black mamba]
 30490 | Snake:4  | HP: 68/165 [poisoned by a black mamba]
 30497 | Snake:4  | HP: 74/165 [poisoned by a black mamba]
 30505 | Snake:4  | HP: 82/165 [poisoned by a black mamba]
 30638 | Snake:4  | Received a gift from Okawaru
 30638 | Snake:4  | Reached skill level 5 in Armour
 30778 | Snake:4  | HP: 77/165 [naga sharpshooter/bolt (12)]
 30806 | Snake:4  | HP: 74/165 [naga ritualist/runed scimitar (3)]
 30808 | Snake:4  | HP: 32/165 [nagaraja/halberd (15)]
 30813 | Snake:4  | HP: 44/165 [poisoned by a naga ritualist (splash of
                  | poison)]
 30819 | Snake:4  | HP: 45/165 [poisoned by a naga ritualist (splash of
                  | poison)]
 30825 | Snake:4  | HP: 48/165 [poisoned by a naga ritualist (splash of
                  | poison)]
 30830 | Snake:4  | HP: 52/165 [poisoned by a naga ritualist (splash of
                  | poison)]
 30837 | Snake:4  | HP: 58/165 [poisoned by a naga ritualist (splash of
                  | poison)]
 30845 | Snake:4  | HP: 66/165 [poisoned by a naga ritualist (splash of
                  | poison)]
 30924 | Snake:3  | Received a gift from Okawaru
 31060 | Snake:4  | Reached skill level 10 in Fighting
 31138 | Snake:4  | Received a gift from Okawaru
 31192 | Snake:4  | HP: 83/166 [nagaraja/halberd (4)]
 31196 | Snake:4  | HP: 39/166 [nagaraja/poison arrow (26)]
 31201 | Snake:4  | HP: 36/166 [poisoned by a nagaraja (poison arrow)]
 31206 | Snake:4  | HP: 38/166 [poisoned by a nagaraja (poison arrow)]
 31212 | Snake:4  | HP: 38/166 [poisoned by a nagaraja (poison arrow)]
 31218 | Snake:4  | HP: 43/166 [poisoned by a nagaraja (poison arrow)]
 31226 | Snake:4  | HP: 50/166 [poisoned by a nagaraja (poison arrow)]
 31239 | Snake:4  | HP: 54/166 [naga sharpshooter/bolt (10)]
 31251 | Snake:4  | HP: 64/166 [naga mage/poison arrow (3)]
 31257 | Snake:4  | HP: 66/166 [poisoned by a naga mage (poison arrow)]
 31264 | Snake:4  | HP: 67/166 [poisoned by a naga mage (splash of poison)]
 31269 | Snake:4  | HP: 71/166 [poisoned by a naga mage (splash of poison)]
 31274 | Snake:4  | HP: 73/166 [poisoned by a naga mage (splash of poison)]
 31279 | Snake:4  | HP: 74/166 [poisoned by a naga mage (splash of poison)]
 31284 | Snake:4  | HP: 78/166 [poisoned by a naga mage (splash of poison)]
 31443 | Snake:4  | Received a gift from Okawaru
 31443 | Snake:4  | Reached skill level 10 in Invocations
 31798 | Snake:3  | Received a gift from Okawaru
 31890 | Snake:4  | HP: 83/166 [guardian serpent/bolt of poison (4)]
 31895 | Snake:4  | HP: 61/166 [poisoned by a naga mage (splash of poison)]
 31900 | Snake:4  | HP: 53/166 [poisoned by a naga mage (splash of poison)]
 31905 | Snake:4  | HP: 59/166 [poisoned by a naga mage (splash of poison)]
 31910 | Snake:4  | HP: 65/166 [poisoned by a naga mage (splash of poison)]
 32170 | Snake:4  | Reached skill level 10 in Shields
 32242 | Snake:4  | HP: 83/166 [salamander mystic/quarterstaff (12)]
 32248 | Snake:4  | HP: 81/166 [poisoned by a naga mage (bolt of poison)]
 32253 | Snake:4  | Received a gift from Okawaru
 32254 | Snake:4  | HP: 80/166 [poisoned by a naga mage (bolt of poison)]
 32259 | Snake:4  | HP: 66/166 [poisoned by a naga mage (splash of poison)]
 32264 | Snake:4  | HP: 29/167 [shock serpent/bolt of electricity (23)]
 32269 | Snake:4  | HP: 31/167 [poisoned by a naga mage (splash of poison)]
 32276 | Snake:4  | HP: 29/167 [poisoned by a naga mage (splash of poison)]
 32283 | Snake:4  | HP: 35/167 [poisoned by a naga mage (splash of poison)]
 32291 | Snake:4  | HP: 42/167 [poisoned by a naga mage (splash of poison)]
 32407 | Snake:4  | HP: 82/167 [shock serpent/bolt of electricity (19)]
 32584 | Snake:4  | Received a gift from Okawaru
 32598 | Snake:4  | Got an ichor-stained hat {god gift}
 32606 | Snake:4  | Identified the +2 hat of the Tortoise {rElec rF+ Int+4}
                  | (Okawaru gifted it to you on level 4 of the Snake Pit)
 32866 | Snake:4  | Got a serpentine rune of Zot
 33171 | Shoals:1 | Entered Level 1 of the Shoals
 33247 | Shoals:1 | Reached XP level 18. HP: 116/176 MP: 24/24
 33307 | Shoals:1 | HP: 83/176 [wind drake (9)]
 33316 | Shoals:1 | HP: 85/176 [merfolk aquamancer/rapier (6)]
 33320 | Shoals:1 | HP: 39/176 [merfolk aquamancer/shard of ice (35)]
 33789 | Shoals:2 | Found a hide-covered altar of Uskayaw.
 33806 | Shoals:2 | HP: 71/176 [snapping turtle (25)]
 33811 | Shoals:2 | HP: 55/176 [poisoned by a meliai]
 33816 | Shoals:2 | HP: 58/176 [poisoned by a meliai]
 33822 | Shoals:1 | HP: 64/176 [poisoned by a meliai]
 33827 | Shoals:1 | HP: 67/176 [poisoned by a meliai]
 33835 | Shoals:1 | HP: 75/176 [poisoned by a meliai]
 33989 | Shoals:3 | Reached skill level 17 in Unarmed Combat
 33998 | Shoals:3 | HP: 85/176 [satyr/sling bullet (20)]
 34004 | Shoals:3 | HP: 54/176 [faun/hunting sling[a satyr] (3)]
 34245 | Shoals:3 | Received a gift from Okawaru
 34281 | Shoals:3 | HP: 83/176 [water elemental (12)]
 34310 | Shoals:3 | Received a gift from Okawaru
 34319 | Shoals:3 | Got an encrusted shield {god gift}
 34330 | Shoals:3 | Identified the -6 shield "Ippauq" {rF++} (Okawaru gifted it
                  | to you on level 3 of the Shoals)
 34346 | Shoals:3 | HP: 82/176 [sea snake (17)]
 34352 | Shoals:3 | HP: 85/176 [harpy (3)]
 34363 | Shoals:3 | HP: 85/176 [harpy (12)]
 34445 | Shoals:4 | Entered Level 4 of the Shoals
 34468 | Shoals:4 | Found Sisiyl's Weapon Shop.
 34511 | Shoals:4 | HP: 85/176 [drowned by a drowned soul[a merfolk avatar]
                  | (13)]
 34620 | Shoals:4 | Cast into level 3 of the Abyss (merfolk)
 34723 | Abyss:3  | Found a glowing golden altar of the Shining One.
 34740 | Abyss:3  | Noticed a lich
 34753 | Abyss:3  | Noticed a juggernaut
 34756 | Abyss:3  | Killed a lich
 34767 | Abyss:3  | Killed a juggernaut
 34779 | Abyss:3  | Got an abyssal rune of Zot
 34794 | Shoals:4 | Escaped the Abyss
 35588 | Shoals:4 | Received a gift from Okawaru
 36073 | Shoals:4 | Identified Edenn's Papyrus of Virous Stolen Souls
 36141 | Shoals:4 | HP: 85/179 [tentacle[a kraken] (11)]
 36160 | Shoals:4 | HP: 84/179 [water nymph (3)]
 36166 | Shoals:4 | HP: 73/179 [water nymph/the raging water (9)]
 36185 | Shoals:4 | HP: 76/179 [water nymph/the raging water (19)]
 36290 | Shoals:4 | Got a barnacled rune of Zot
 36570 | D:15     | Found a staircase to the Depths.
 36583 | D:15     | Received a gift from Okawaru
 36674 | Depths:1 | Entered Level 1 of the Depths
 36680 | D:15     | HP: 85/179 [ice dragon/blast of cold (36)]
 36797 | Depths:1 | Reached XP level 19. HP: 121/185 MP: 25/25
 36899 | Depths:2 | Found a one-way gate leading to the halls of Pandemonium.
 36899 | Depths:2 | Noticed Saint Roka
 37059 | Depths:2 | Killed Saint Roka
 37140 | Depths:2 | Paralysed by a vampire knight for 5 turns
 37154 | Depths:2 | HP: 91/187 [something (illusionary)/vampiric draining (21)]
 37158 | Depths:2 | HP: 45/187 [something (illusionary)/vampiric draining (23)]
 37165 | Depths:1 | HP: 31/187 [ogre mage/bolt of lightning (7)]
 37170 | Depths:1 | Reached skill level 18 in Unarmed Combat
 37641 | Depths:3 | Paralysed by a floating eye for 3 turns
 37745 | Depths:3 | Received a gift from Okawaru
 37946 | Depths:3 | Reached skill level 10 in Armour
 38011 | Depths:3 | HP: 67/187 [iron troll (34)]
 38016 | Depths:3 | HP: 52/187 [two-headed ogre/giant club (6)]
 38278 | Depths:4 | Received a gift from Okawaru
 38280 | Depths:4 | Paralysed by a great orb of eyes for 4 turns
 38318 | Depths:5 | Entered Level 5 of the Depths
 38364 | Depths:5 | Noticed a juggernaut
 38386 | Depths:5 | Killed a juggernaut
 38386 | Depths:5 | Received a gift from Okawaru
 38499 | Depths:5 | Noticed a golden dragon
 38544 | Depths:5 | Killed a golden dragon
 38644 | Depths:5 | Noticed a bone dragon
 38701 | Depths:4 | Killed a bone dragon
 38871 | Depths:5 | Found a gate to the Realm of Zot.
 38877 | Zot:1    | Entered Level 1 of the Realm of Zot
 39028 | Depths:5 | Noticed Xtahua
 39134 | Depths:5 | HP: 80/188 [white very ugly thing (21)]
 39301 | Depths:5 | Paralysed by Xtahua for 5 turns
 39318 | Depths:5 | Killed Xtahua
 39318 | Depths:5 | Reached XP level 20. HP: 139/197 MP: 19/26
 39609 | Zot:1    | HP: 97/197 [electric golem/bolt of lightning (8)]
 39798 | Depths:5 | HP: 98/197 [poisoned by a green draconian]
 39803 | Depths:5 | HP: 71/197 [poisoned by a green draconian]
 39807 | Depths:5 | HP: 34/197 [purple draconian monk (12)]
 39818 | Depths:5 | Killed from afar by a purple draconian monk

Skill      XL: |  1  2  3  4  5  6  7  8  9 10 11 12 13 14 15 16 17 18 19 20 |
---------------+-------------------------------------------------------------+-----
Unarmed Combat | 1 2 3 4 5 6 7 8 9 10 11 12 13 14 15 16 17 18 | 18.9
Fighting       | 1 2 3 4 5 6 7 8 9 10 11 | 11.8
Shields        | 1 2 3 4 5 6 7 8 9 10 11 | 11.3
Invocations    | 2 3 4 5 6 7 8 9 10 | 10.0
Dodging        | 2 3 4 5 6 7 8 9 |  9.0
Throwing       | 2 4 6 8 9 10 12 13 14 | 14.7
Evocations     | 1 3 4 |  4.4
Armour         | 4 7 9 10 11 | 11.0
Stealth        | |  1.0
Spellcasting   | |  1.2
Conjurations   | |  2.9

Action                   |  1- 3 |  4- 6 |  7- 9 | 10-12 | 13-15 | 16-18 | 19-21 || total
-------------------------+-------+-------+-------+-------+-------+-------+-------++-------
Melee: Unarmed           |   140 |   110 |   422 |   829 |  1120 |  2201 |   640 ||  5462
       Punch             |       |     2 |     1 |       |       |       |       ||     3
Throw: Tomahawk          |       |       |       |     3 |    12 |   214 |       ||   229
       Javelin           |       |       |       |     6 |     6 |    39 |    25 ||    76
       Large rock        |       |       |       |       |       |    10 |     8 ||    18
Invok: Heroism           |       |       |     3 |    13 |    15 |    22 |     8 ||    61
       Finesse           |       |       |       |     5 |     4 |     4 |     5 ||    18
 Abil: Evoke Invisibilit |       |       |       |     3 |     6 |     9 |     1 ||    19
Evoke: Fan of gales      |       |       |       |     1 |     1 |       |       ||     2
       Sack of spiders   |       |       |       |       |     1 |       |       ||     1
       Wand              |       |       |       |       |       |     3 |     1 ||     4
  Use: Scroll            |       |       |       |       |    13 |    23 |     3 ||    39
       Potion            |       |       |       |       |     3 |     2 |     4 ||     9
 Stab: Distracted        |     2 |       |       |       |       |       |       ||     2
       Sleeping          |       |     2 |       |     4 |     2 |     5 |       ||    13
       Invisible         |       |       |       |     3 |    21 |    31 |     6 ||    61
  Eat: Chunk             |    18 |    15 |    44 |    93 |    71 |   107 |    32 ||   380
       Ration            |       |       |       |       |     1 |     3 |       ||     4
Armor: Robe              |    48 |    17 |    73 |    64 |    18 |    11 |       ||   231
       Steam dragon scal |       |       |       |       |   124 |    54 |       ||   178
       Troll leather arm |       |       |       |       |       |   258 |    78 ||   336
       Fire dragon scale |       |       |       |       |       |       |    14 ||    14
       Shadow dragon sca |       |       |       |       |       |       |    12 ||    12
Dodge: Dodged            |    64 |    35 |   149 |   268 |   350 |   886 |   230 ||  1982
Block: Shield            |       |       |   133 |    43 |       |     6 |    85 ||   267
       Large shield      |       |       |       |   394 |   755 |  1918 |   261 ||  3328
       Reflection        |       |       |       |       |       |       |     1 ||     1

Vault maps used:
D:1:      saegor_arrival_fortress
D:2:      minmay_tall_x
D:3:      first_ration, kennysheep_cross_room, grunt_qazlal_sundering
D:4:      lemuel_crystal_altar, temple_pool_b, uniq_duvessa,
          uniq_crazy_yiuf_cottage
D:5:      lemuel_ice_spiral_2, kennysheep_ying_yang, lemuel_crystal_altar,
          serial_shops, nicolae_shop_crystal, guppyfry_early_lair_pool,
          uniq_blork_the_orc
D:6:      minitemple, portal_sewer_entry_b, serial_shops, nicolae_shop_stone,
          nicolae_ru_awakened_eye
D:7:      lemuel_upstairs_altar, lemuel_crystal_altar
D:8:      serial_shops, shop, hangedman_pestilent_swarm, trog_wizard
D:9:      grunt_gozag_statues, basic_altar
D:10:     minmay_the_grid_octo_tiled_squarecenter
D:11:     orc_0_dummy, gammafunk_ghost_necromancy, minivault_15
D:12:     serial_shops, kennysheep_mini, ebering_ghost_funeral_grove,
          uniq_frances
D:13:     basic_altar
D:14:     lightli_vaults_fourway_checkpoint, solitary_fountain,
          grunt_decor_mini_mirrors, nicolae_wwwww, uniq_roxanne
D:15:     grunt_enter_depths_giant_problem, nicolae_sextant
Temple:   compressed_dpeg_triangle_lava_temple
Lair:1:   grunt_megastairs_4
Lair:2:   gammafunk_ghost_cemetery, grunt_megastairs_5, lemuel_fruit_tree
Lair:3:   elwin_shoals_entry_stream, nicolae_volcano_entry_s_turn
Lair:4:   dummy_snake_entry, gammafunk_ghost_grave, serial_bayou_shore_a,
          lemuel_fruit_fields
Lair:5:   nicolae_quartered_pool_super, uniq_josephine
Lair:6:   evil_forest, slime_altar_1, portal_ice_cave_entry_pillars_1,
          minivault_19, serial_bayou_shore_b, uniq_snorg
Shoals:1: nicolae_shoals_drake_roost
Shoals:2: regret_index_shoals_crete
Shoals:3: nicolae_shoals_seven_spires, nicolae_shoals_aquamancer_cove
Shoals:4: shoals_end_hangedman, serial_shops, shop, yaktaur_hedge
Snake:1:  ebering_ghost_xom
Snake:3:  nrook_guardian_serpent_snake_passage
Snake:4:  snake_pit_salamanders_mu, guppyfry_library_mini, uniq_vashnia
Orc:1:    lightli_bailey_entry_fortress, uniq_nergalle
Orc:2:    pubby_orc_utopia, serial_shops
Depths:1: enter_ziggurat_d, hell_entry, serial_shops, kennysheep_little_box,
          minmay_misc_feat_more_columns, chequers_big_river,
          serial_sigils_hangedman_clutch, minmay_misc_feat_diagonals,
          okawaru_ov_weapons_minmay
Depths:2: minmay_outward_triangles, pf_hell_entry_tar_river,
          minmay_fountain_box, pan_entry, serial_shops, bzr_entry_road,
          uniq_saint_roka, uniq_asterion
Depths:3: minmay_triangles_in_corner, hellmouth_1, minmay_misc_feat_rows,
          pan_entry
Depths:4: hangedman_arrow_trap, abyss_entry_crystal, grunt_hell_entry_dis_mu,
          minmay_shop_star, infiniplex_staircase_pool_2
Depths:5: evilmike_zot_entry_round, hell_entry, minmay_shop_grove,
          basic_stair_grate_trap, uniq_xtahua
Zot:1:    regret_index_qazlal_generations
Abyss:3:  evilmike_abyss_exit_1, evilmike_abyss_rune_tso_outpost
Sewer:    sewer_the_crocodile
Bailey:   bailey_polearm_2, bailey
